 Dungeon Crawl Stone Soup version 0.27.1 (webtiles) character file.

Game seed: 5503826393818508159

154 Kala the Cudgeller (level 5, 0/41 HPs)
             Began as a Palentonga Warper on Sept 2, 2021.
             Slain by an adder (1 damage)
             ... in a sewer.
             The game lasted 00:11:10 (2295 turns).

Kala the Cudgeller (Palentonga Warper)              Turns: 2295, Time: 00:11:11

Health: 0/41       AC:  7    Str: 15    XL:     5   Next: 13%
Magic:  5/8        EV:  7    Int: 14    God:
Gold:   82         SH:  0    Dex:  9    Spells: 3/8 levels left

rFire    . . .     SeeInvis +   a - +0 mace
rCold    . . .     Faith    .   (no shield)
rNeg     . . .     Spirit   .   i - +0 scale mail
rPois    .         Reflect  .   (no helmet)
rElec    .         Harm     .   h - +0 cloak
rCorr    .         Rampage  .   (no gloves)
Will     .....                  (no barding)
Stlth    ..........             j - amulet of regeneration
HPRegen  1.13/turn              (no ring)
MPRegen  0.11/turn              (no ring)

@: lethally poisoned (0 -> -1)
A: large, rugged brown scales 3, see invisible, deformed body, roll 1, armoured
tail
a: Rolling Charge


You were in a sewer.
You visited 1 branch of the dungeon, and saw 4 of its levels.
You also visited: Sewer.

You collected 82 gold pieces.

Inventory:

Hand Weapons
 a - a +0 mace (weapon)
 p - a +0 war axe
Missiles
 d - 5 boomerangs of dispersal (quivered)
 o - 5 boomerangs
Armour
 b - a +0 leather armour
 e - a +0 ring mail
 h - a +0 cloak (worn)
 i - a +0 scale mail (worn)
Jewellery
 j - an amulet of regeneration (around neck)
Scrolls
 c - a scroll of blinking
 g - a scroll of immolation {unknown}
 l - a scroll of teleportation {unknown}
Potions
 f - a potion of resistance {unknown}
 k - a potion of mutation {unknown}
 m - a potion of might {unknown}
 n - a potion of ambrosia {unknown}
 q - a potion of attraction {unknown}


   Skills:
 + Level 2.5 Fighting
 + Level 3.7 Maces & Flails
 - Level 0.6 Throwing
 + Level 1.6 Armour
 + Level 2.0 Dodging
 + Level 2.2 Spellcasting
 * Level 3.5 Translocations


You had 3 spell levels left.
You knew the following spells:

 Your Spells              Type           Power      Damage    Failure   Level
a - Blink                 Tloc           N/A        N/A       32%         2
b - Gell's Gravitas       Tloc           5%         N/A       54%         3

Your spell library contained the following spells:

 Spells                   Type           Power      Damage    Failure   Level
 Lesser Beckoning         Tloc           5%         N/A       54%         3
 Teleport Other           Tloc           11%        N/A       54%         3
 Sandblast                Erth           2%         2d4       67%         1
 Passwall                 Tmut/Erth      0%         N/A       80%         2
 Manifold Assault         Tloc           11%        N/A       99%         5
 Lee's Rapid Deconstruct  Erth           0%         3d5*      100%        5


Dungeon Overview and Level Annotations

Branches:
Dungeon (4/15)              Sewer (1/1)
 Temple: D:4-7

Altars:

Shops:
D:2 *


Innate Abilities, Weirdness & Mutations

You are completely covered in rugged brown scales. (AC +3, +7% HP)
You have supernaturally acute eyesight. (SInv)
Armour fits poorly on your strangely shaped body.
You can roll at nearby foes to attack.
You have a long armoured tail.


Message History

You are too injured to fight recklessly!
You are too injured to fight recklessly!
You are too injured to fight recklessly!
You are too injured to fight recklessly!
You are too injured to fight recklessly!
You are too injured to fight recklessly!
You are too injured to fight recklessly!
You are too injured to fight recklessly!
You are too injured to fight recklessly!
You are too injured to fight recklessly!
You are too injured to fight recklessly!
You are too injured to fight recklessly!
You closely miss the adder. The adder barely misses you. The adder bites you.
You are poisoned.
The adder poisons you! The adder bites you.
* * * LOW HITPOINT WARNING * * *
You are more poisoned.
The adder poisons you!
You hit the adder.
The adder is lightly wounded.
You feel very sick. The adder bites you.
* * * LOW HITPOINT WARNING * * *
The adder bites you.
* * * LOW HITPOINT WARNING * * *
The adder bites you but does no damage. The adder closely misses you.
Casting: Blink (dangerous; 32% risk of failure)
Confirm with . or Enter, or press ? or * to list all spells.
You blink.
You feel sick.
You are too injured to fight recklessly!
You are too injured to fight recklessly!
You are too injured to fight recklessly!
You miss the adder.
Your tail-slap misses the adder.
You feel sick. The adder bites you but does no damage.
The adder barely misses you.
You miss the adder.
You feel sick. The adder bites you but does no damage.
The adder barely misses you.
You barely miss the adder.
You feel sick. The adder bites you.
* * * LOW HITPOINT WARNING * * *
The adder barely misses you. The adder bites you.
You die...

.≈≈≈≈≈≈.#
.≈..≈≈≈≈≈≈≈≈.#
...≈≈≈≈≈≈≈≈≈.#
..≈≈≈≈≈≈≈≈≈≈.#
≈≈≈≈≈≈≈≈≈≈≈≈.#
≈≈≈≈≈≈≈≈≈≈≈≈≈≈.#
#≈≈≈≈≈≈≈≈≈.≈≈≈.#
#######≈≈≈≈≈≈≈≈.≈≈≈.#
≈≈.≈≈≈≈≈≈≈≈≈≈.@≈≈≈≈.#
≈≈≈≈≈≈≈≈≈≈≈≈≈≈SS≈≈≈.#
≈≈≈≈≈≈≈≈≈≈≈≈≈≈≈≈≈≈≈.#
≈≈≈≈≈≈≈≈≈≈†≈≈≈B≈≈≈..#
.....≈.≈≈≈†.≈......##
####################


You could see 2 adders and a giant cockroach.

Vanquished Creatures
  An orc wizard (D:3)
  5 adders
  2 worms
  3 orcs (D:3)
  5 bats
  7 endoplasms
  9 giant cockroaches
  6 hobgoblins
  4 jackals (D:1)
  6 kobolds
  5 quokkas
  5 ball pythons
  3 frilled lizards
  4 goblins
  7 rats
72 creatures vanquished.

Notes
Turn   | Place    | Note
-------+----------+-------------------------------------------
     0 | D:1      | Kala the Palentonga Warper began the quest for the Orb.
     0 | D:1      | Reached XP level 1. HP: 17/17 MP: 3/3
   210 | D:1      | Reached XP level 2. HP: 17/23 MP: 5/5
   320 | D:1      | Learned a level 2 spell: Blink
   672 | D:1      | Reached skill level 1 in Armour
   681 | D:1      | Reached XP level 3. HP: 23/28 MP: 6/6
  1074 | D:2      | Found a faded altar of an unknown god.
  1188 | D:2      | Found Kyn Keacs's Assorted Antiques.
  1284 | D:2      | Learned a level 3 spell: Gell's Gravitas
  1763 | D:2      | Reached XP level 4. HP: 34/36 MP: 7/7
  2157 | D:4      | Found a glowing drain.
  2181 | Sewer    | Entered a sewer
  2193 | Sewer    | Reached XP level 5. HP: 41/41 MP: 8/8
  2295 | Sewer    | HP: 1/41 [adder (4)]
  2295 | Sewer    | Slain by an adder

Illustrated notes

Levels and vault maps discovered:
D:1:      sevenhm_arrival_forest_fort_small_4, layout_rooms, lemuel_old_faithful
D:2:      layout_loops_corners, serial_shops, nicolae_shop_stone,
          ebering_ecumenical_altar_sacrificial
D:3:      layout_basic, kennysheep_small_spiral, serial_bayou_pond_a,
          minivault_5
D:4:      wad_crossroads, layout_basic, minmay_temple_entry_purple_smoke,
          portal_sewer_entry_f, grunt_ministairs_6
Sewer:    sewer_frog_island_01

Skill      XL: |  1  2  3  4 |
---------------+-------------+-----
Armour         | 1 |  1.6
Maces & Flails | 3 |  3.7
Dodging        | 2 |  2.0
Fighting       | |  2.5
Throwing       | |  0.6
Spellcasting   | |  2.2
Translocations | |  3.5

Action                   |  1- 3 |  4- 6 || total
-------------------------+-------+-------++-------
Melee: Mace              |   172 |   121 ||   293
       Tailslap          |     8 |    10 ||    18
 Cast: Blink             |       |     2 ||     2
  Use: Scroll            |     1 |       ||     1
Armor: Leather armour    |     4 |       ||     4
       Ring mail         |     9 |       ||     9
       Scale mail        |   115 |   103 ||   218
Dodge: Dodged            |    81 |    62 ||   143
